AoeStats
← 大王同学

Black Forest

504732891Analyzed
4v4 RM · 25d ago on Sep 6, 2026· 54m 25s· 8 players
Game mode
Random Map
Map size
Large (8 player)
Population
200
Speed
Normal
Resources
Standard
Victory
Conquest
Starting age
Dark Age
Ending age
Imperial Age
RankedLock teamsTeams togetherTeam positionsShared explorationLock speedFull tech treeHidden civsTurbo modeCheats
Victory
Defeat
🇭🇰 Berbers · Hong Kong SAR China
1270
+11
🇨🇳 Mongols · China
1148
+16
🇺🇸 Magyars · United States
1129
+43
🇨🇳 Byzantines · China
1078
+19
🇹🇷 Mongols · Türkiye
1211
-18
🇷🇺 Khmer · Russia
1189
-17
🇹🇼 Goths · Taiwan
1121
-15
🇲🇽 Slavs · Mexico
1089
-13
LXS babe
13:37 Feudal Age
18:34 Castle Age
18:38 Double-Bit Axe
19:57 Bow Saw
20:31 Fishing Lines
20:54 Horse Collar
24:12 Wheelbarrow
23:41 Heavy Plow
26:11 Hand Cart
27:21 Loom
27:45 Town Watch
28:55 Gold Mining
28:58 Stone Mining
32:41 Imperial Age
30:51 Coinage
30:14 Fletching
30:25 Padded Archer Armor
30:37 Thumb Ring
31:03 Bodkin Arrow
31:47 Ballistics
31:23 Murder Holes
32:16 Leather Archer Armor
32:31 Masonry
32:44 Forging
32:40 Scale Barding Armor
33:40 Gold Shaft Mining
33:40 Stone Shaft Mining
32:52 Elite Mangudai
34:16 Conscription
33:59 Bracer
34:10 Siege Engineers
35:48 Chemistry
35:35 Hoardings
35:11 Capped Ram
36:15 Siege Ram
38:46 Drill
40:32 Bloodlines
40:22 Husbandry
大王同学
0:47 Loom
12:52 Feudal Age
13:33 Double-Bit Axe
16:47 Castle Age
15:18 Gold Mining
16:46 Fishing Lines
18:24 Bow Saw
18:14 Gillnets
19:59 Wheelbarrow
19:46 Town Watch
20:59 Horse Collar
21:13 Gold Mining
21:15 Stone Mining
23:31 Hand Cart
26:12 Heavy Plow
30:48 Imperial Age
28:41 Scale Barding Armor
28:53 Bloodlines
29:04 Fletching
29:14 Padded Archer Armor
29:58 Gold Shaft Mining
30:03 Stone Shaft Mining
30:01 Husbandry
30:09 Thumb Ring
30:02 Bodkin Arrow
30:28 Ballistics
31:28 Chain Barding Armor
31:19 Forging
32:49 Chemistry
31:30 Cavalier
33:03 Conscription
32:49 Kasbah
33:12 Bracer
35:34 Hoardings
35:37 Iron Casting
35:21 Leather Archer Armor
35:19 Siege Engineers
35:24 Masonry
35:28 Elite Skirmisher
36:39 Ring Archer Armor
36:45 Plate Barding Armor
36:46 Iron Casting
36:14 Scale Mail Armor
36:50 Iron Casting
36:38 Masonry
36:24 Murder Holes
38:38 Chain Mail Armor
38:50 Caravan
41:13 Blast Furnace
40:44 Plate Mail Armor
39:38 Pikeman
40:18 Squires
41:31 Capped Ram
50:44 Elite Genitour
53:49 Arson
笨狸特爱玩
8:40 Feudal Age
9:02 Man-at-Arms
13:24 Double-Bit Axe
14:30 Arson
17:50 Scale Mail Armor
17:48 Fletching
25:02 Castle Age
26:27 Bow Saw
27:03 Wheelbarrow
28:06 Hand Cart
27:52 Fishing Lines
28:19 Horse Collar
34:06 Imperial Age
31:40 Gold Mining
33:44 Gillnets
34:49 Gold Shaft Mining
34:35 Bloodlines
34:27 Husbandry
34:34 Scale Barding Armor
34:28 Cavalier
35:34 Conscription
35:40 Chain Barding Armor
36:56 Two-Man Saw
36:15 Stone Mining
37:12 Plate Barding Armor
36:07 Paladin
50:16 Bodkin Arrow
50:45 Ballistics
51:25 Chemistry
小离爱吃糖
12:05 Feudal Age
16:41 Castle Age
15:18 Double-Bit Axe
15:17 Horse Collar
22:11 Heavy Plow
23:04 Bow Saw
29:12 Imperial Age
27:20 Wheelbarrow
26:31 Loom
26:47 Murder Holes
27:01 Husbandry
27:24 Scale Barding Armor
27:30 Forging
29:52 Ballistics
30:13 Iron Casting
29:59 Chain Barding Armor
29:18 Heavy Camel Rider
30:09 Stone Mining
32:15 Two-Man Saw
33:09 Stone Shaft Mining
32:35 Gold Mining
36:20 Gold Shaft Mining
36:18 Hand Cart
36:41 Plate Barding Armor
36:41 Crop Rotation
36:37 Conscription
43:08 Fletching
48:22 Onager
51:28 Hoardings
52:04 Caravan
Fenrir
11:07 Feudal Age
15:56 Castle Age
14:12 Double-Bit Axe
14:16 Horse Collar
17:07 Scale Barding Armor
17:38 Bloodlines
17:53 Heavy Plow
23:40 Wheelbarrow
23:52 Chain Barding Armor
25:53 Hand Cart
26:54 Bow Saw
29:35 Gold Mining
29:39 Stone Mining
31:43 Gold Shaft Mining
34:39 Imperial Age
36:51 Two-Man Saw
35:44 Loom
35:44 Town Watch
36:37 Ballistics
37:17 Chemistry
36:23 Siege Engineers
36:29 Masonry
36:48 Druzhina
37:09 Conscription
38:09 Crop Rotation
37:10 Light Cavalry
37:52 Husbandry
37:16 Heavy Scorpion
38:01 Hussar
39:07 Pikeman
41:09 Scale Mail Armor
41:19 Forging
40:34 Halberdier
41:15 Squires
42:41 Chain Mail Armor
46:03 Plate Mail Armor
47:47 Fletching
48:38 Bodkin Arrow
bombino
1:42 Loom
11:13 Feudal Age
12:09 Double-Bit Axe
13:30 Fishing Lines
17:20 Castle Age
18:21 Gillnets
20:56 Gold Mining
21:35 Bow Saw
21:22 Horse Collar
22:33 Heavy Plow
24:55 Wheelbarrow
28:03 Imperial Age
25:28 Stone Mining
25:47 Town Watch
27:52 Stone Shaft Mining
29:50 Hand Cart
30:36 Town Patrol
31:18 Conscription
31:01 Double Crossbow
32:46 Ballistics
33:26 Chemistry
32:32 Siege Engineers
32:59 Elite Ballista Elephant
34:26 Gold Shaft Mining
38:30 Scale Barding Armor
38:35 Forging
39:29 Husbandry
39:40 Bloodlines
39:10 Light Cavalry
40:15 Hussar
41:26 Chain Barding Armor
41:41 Iron Casting
47:46 Plate Barding Armor
54:05 Fletching
55:16 Blast Furnace
zeron
2:54 Loom
11:25 Feudal Age
17:34 Double-Bit Axe
18:10 Town Watch
21:51 Castle Age
19:54 Fletching
23:02 Bow Saw
29:08 Horse Collar
30:35 Fishing Lines
32:04 Heavy Plow
33:05 Gillnets
38:30 Imperial Age
37:30 Husbandry
37:40 Bloodlines
43:31 Town Watch
44:21 Wheelbarrow
47:55 Light Cavalry
48:20 Elite Skirmisher
49:06 Thumb Ring
51:18 Capped Ram
懿
11:08 Feudal Age
15:24 Castle Age
14:00 Double-Bit Axe
14:49 Horse Collar
17:00 Bow Saw
22:11 Heavy Plow
23:26 Wheelbarrow
22:37 Loom
24:46 Hand Cart
25:59 Gold Mining
30:22 Imperial Age
31:07 Anarchy
30:28 Elite Huskarl
30:35 Pikeman
31:15 Squires
30:36 Man-at-Arms
31:11 Halberdier
31:54 Perfusion
31:21 Long Swordsman
33:03 Crop Rotation
34:22 Chemistry
33:19 Murder Holes
33:49 Forging
33:40 Scale Mail Armor
35:12 Iron Casting
37:30 Masonry
37:42 Ballistics
Connection lost

Rejoining the realm…

Still unreachable

The connection could not be restored.

Session expired

The server has moved on; the page needs a fresh start.